[Event "*** Titled Tuesday Blitz"]
[Site "Chess.com"]
[Date "2021.02.09"]
[Round "5"]
[White "PrinceMurad09"]
[Black "frederiksvane"]
[Result "0-1"]
[WhiteElo "2541"]
[BlackElo "2741"]
[TimeControl "180+1"]
[EndTime "10:55:52 PST"]
[Termination "frederiksvane won by resignation"]

1. e4 c5 2. Nf3 g6 3. d4 cxd4 4. Qxd4 Nf6 5. Nc3 Nc6 6. Qa4 d6 7. e5 dxe5 8. Nxe5 Bg7 9. Nxc6 bxc6 10. Be2 O-O 11. O-O Qc7 12. Bf3 Bd7 13. Re1 e5 14.
Qa3 Rfe8 15. Be3 e4 16. Be2 Nd5 17. Nxd5 cxd5 18. c3 Be6 19. Qc5 Qb7 20. Qb5 Rab8 21. Qxb7 Rxb7 22. Reb1 Reb8 23. Ba6 Rxb2 24. Rxb2 Rxb2 25.
Bxa7 Bxc3 26. Rc1 d4 27. a4 d3 28. h3 d2 29. Rf1 Bb3 30. Be2 Bxa4 31. Be3 Bb5 32. Bxb5 Rxb5 33. Rd1 Rb2 34. Kf1 f5 35. Ke2 Kf7 36. Ra1 Ke6 37. Ra3 Bb4 38. Ra6+ Kd5 39. h4 Rb1 0-1

[Event "*** Titled Tuesday Blitz"]
[Site "Chess.com"]
[Date "2021.02.09"]
[Round "5"]
[White "Artem_Sadovsky"]
[Black "Loy_Konstantin"]
[Result "1-0"]
[WhiteElo "2539"]
[BlackElo "2380"]
[TimeControl "180+1"]
[EndTime "10:55:53 PST"]
[Termination "Artem_Sadovsky won on time"]

1. Nf3 c5 2. b3 Nc6 3. Bb2 d6 4. e3 e5 5. d4 cxd4 6. Nxd4 exd4 7. exd4 d5 8. Be2 Nf6 9. O-O Be7 10. Re1 O-O 11.
Nd2 Bf5 12. c3 Re8 13. Bf3 Bf8 14. Nf1 Rxe1 15. Qxe1 Be4 16. Be2 Qd7 17. f3 Bg6 18. Qf2 Re8 19. Ne3 Qe6 20. Bc1 Bd6 21. g3 Ne7 22. Bd2 Nf5 23. Nxf5 Bxf5 24. Bb5 Re7 25. Re1 Qc8 26. g4 Bd7 27. Bd3 Rxe1+ 28. Qxe1 Qe8 29.
Qh4 h6 30. Kf2 Nh7 31. Bxh6 gxh6 32. Qxh6 f5 33. Qxd6 fxg4 34. Qxd5+ Be6 35. Bxh7+ Kxh7 36. Qxb7+ Kg6 37. Qe4+ Kf6 38. fxg4 Qg6 39. Qxg6+ Kxg6 40. Kg3 Bd7 41. h4 Bc6 42. Kf4 Bb5 43. c4 Bd7 44. d5 Be8 45. h5+ Kh6 46. c5 Bf7 47. d6 Be8 48. Ke5 Kg5 49. Ke6 1-0

[Event "*** Titled Tuesday Blitz"]
[Site "Chess.com"]
[Date "2021.02.09"]
[Round "5"]
[White "ridnani2021"]
[Black "MaevskiyNikolay"]
[Result "0-1"]
[WhiteElo "2354"]
[BlackElo "2535"]
[TimeControl "180+1"]
[EndTime "10:55:55 PST"]
[Termination "MaevskiyNikolay won by checkmate"]

1. e4 Nc6 2. d4 d5 3. e5 Bf5 4. Nf3 Qd7 5. Be3 f6 6. exf6 gxf6 7. c3 a6 8. Nbd2 e5 9. dxe5 fxe5 10. Nh4 O-O-O 11.
Be2 Be6 12. a4 Be7 13. Nhf3 h6 14. Rb1 Nf6 15. O-O d4 16. cxd4 exd4 17. Bf4 d3 18. Bxd3 Qxd3 19. b4 Nd4 20. Re1 Nxf3+ 21. Qxf3 Qxf3 22. Nxf3 Bf5 23. Rbc1 Bd6 24. Be3 Nd5 25.
b5 axb5 26. axb5 Nxe3 27. fxe3 Rhe8 28. b6 c6 29. Ra1 Bc5 30. Ra8+ Kd7 31. Ra7 Rb8 32.
Rd1+ Kc8 33. Ra5 Bxe3+ 34. Kh1 Bg4 35. Re1 Bxf3 36. gxf3 Kd7 37. Rd1+ Ke6 38. Rh5 Kf7 39. Rg1 Rg8 40. Rf5+ Ke6 41. Rh5 Rxg1# 0-1

[Event "*** Titled Tuesday Blitz"]
[Site "Chess.com"]
[Date "2021.02.09"]
[Round "5"]
[White "DanielDardha2005"]
[Black "AttackSparrow"]
[Result "1-0"]
[WhiteElo "2708"]
[BlackElo "2483"]
[TimeControl "180+1"]
[EndTime "10:55:56 PST"]
[Termination "DanielDardha2005 won by resignation"]

1. Nf3 Nf6 2. c4 g6 3. Nc3 c5 4.
e4 d6 5. d4 cxd4 6. Nxd4 Bg7 7.
Be2 Nc6 8. Nc2 Bd7 9. O-O Rc8 10.
Be3 Qa5 11. Qd2 Ng4 12. Bxg4 Bxg4 13. Nd4 Nxd4 14. Bxd4 Bxd4 15. Qxd4 O-O 16. f3 Be6 17. b3 a6 18. a4 Qb4 19. Rab1 Qc5 20. Rfd1 Qxd4+ 21. Rxd4 Rc5 22. Kf2 Rfc8 23. Ke3 f5 24. Re1 fxe4 25.
Nxe4 R5c7 26. a5 Bf5 27. Nc3 Rc5 28. Nd5 Kf7 29. Nb6 R8c7 30. b4 R5c6 31. g4 Be6 32. Kd3 Bc8 33. Rf4+ Kg7 34. Nd5 e5 35. Nxc7 exf4 36.
Re7+ Kh6 37. h4 g5 38. h5 b6 39. Nd5 bxa5 40. Nf6 1-0

[Event "*** Titled Tuesday Blitz"]
[Site "Chess.com"]
[Date "2021.02.09"]
[Round "5"]
[White "Susal_De_Silva"]
[Black "CrushingKings"]
[Result "1-0"]
[WhiteElo "2617"]
[BlackElo "2418"]
[TimeControl "180+1"]
[EndTime "10:55:57 PST"]
[Termination "Susal_De_Silva won on time"]

1. e4 c5 2. Nf3 e6 3. d4 cxd4 4. Nxd4 Nc6 5. Be2 Qc7 6. O-O a6 7. a4 Nf6 8. Nc3 Be7 9. Be3 d6 10. f4 O-O 11. Kh1 Bd7 12. Qe1 Nxd4 13. Bxd4 Bc6 14.
Qg3 Rfd8 15. Bd3 Ne8 16. f5 e5 17. Be3 d5 18. exd5 Bxd5 19. Nxd5 Rxd5 20. Bh6 Bf8 21.
f6 g6 22. Bxf8 Kxf8 23. Be4 Rd4 24. Rae1 Qd6 25. Bxb7 Rb8 26. Be4 Nxf6 27. Bd3 Rxb2 28. Rxe5 Nh5 29. Qe1 Kg7 30. Re7 Rh4 31. Rfxf7+ Kh6 32. Qxh4 Rb1+ 33. Re1 Rxe1+ 34. Qxe1 Ng3+ 35. Qxg3 1-0

[Event "*** Titled Tuesday Blitz"]
[Site "Chess.com"]
[Date "2021.02.09"]
[Round "5"]
[White "ENajer77"]
[Black "BogdanDeac"]
[Result "0-1"]
[WhiteElo "2621"]
[BlackElo "2992"]
[TimeControl "180+1"]
[EndTime "10:55:59 PST"]
[Termination "BogdanDeac won by resignation"]

1. e4 e5 2. Nf3 Nc6 3. Bb5 Nf6 4. d3 Bc5 5. O-O d6 6. c3 O-O 7. Nbd2 Ne7 8. d4 exd4 9. cxd4 Bb6 10. Re1 Ng6 11.
a4 c6 12. Bd3 d5 13. e5 Nh5 14. Nb3 Nhf4 15. Bf1 f6 16. a5 Bc7 17. Be3 Bg4 18. Bxf4 Nxf4 19. Qd2 Bxf3 20. Qxf4 fxe5 21. Qe3 e4 22.
gxf3 Rxf3 0-1

[Event "*** Titled Tuesday Blitz"]
[Site "Chess.com"]
[Date "2021.02.09"]
[Round "5"]
[White "RD4ever"]
[Black "Bigfish1995"]
[Result "1-0"]
[WhiteElo "2863"]
[BlackElo "2987"]
[TimeControl "180+1"]
[EndTime "10:56:00 PST"]
[Termination "RD4ever won by resignation"]

1. d4 d5 2. c4 c6 3. Nf3 Nf6 4. Nc3 dxc4 5. e4 b5 6. Be2 e6 7.
O-O Bb7 8. e5 Nd5 9. Ne4 Nd7 10.
Nfg5 h6 11. Nxe6 fxe6 12. Bh5+ Ke7 13. Qg4 Nxe5 14. dxe5 Kd7 15. Bf7 Qe7 16. Qg6 Rd8 17. Nd6 Ba6 18. Bd2 h5 19. Bg5 Rh6 20. Bxe7 Rxg6 21.
Bxd8 Rg4 22. Bxh5 Rd4 23. Ba5 b4 24. Rfd1 Rh4 25. Be2 Bxd6 26. exd6 Kxd6 27. Bxb4+ c5 28. Bc3 1-0

[Event "*** Titled Tuesday Blitz"]
[Site "Chess.com"]
[Date "2021.02.09"]
[Round "5"]
[White "AniJak"]
[Black "Pintacara"]
[Result "0-1"]
[WhiteElo "2325"]
[BlackElo "2504"]
[TimeControl "180+1"]
[EndTime "10:56:00 PST"]
[Termination "Pintacara won by resignation"]

1. e4 c5 2. Nf3 e6 3. d4 cxd4 4. Nxd4 a6 5. Bd3 Qc7 6. O-O Nf6 7. Nc3 h5 8. f4 Bc5 9. Be3 Ng4 10. Qd2 Nc6 11. Nce2 e5 12. Nf5 Nxe3 13. Nxe3 Qb6 14.
Rf3 exf4 15. Nxf4 Ne5 16. Rh3 d6 17. Nd5 Qxb2 18. Rf1 Bxh3 19. Nc7+ Kd7 20. Nxa8 Qd4 21. gxh3 Qxe3+ 22. Qxe3 Bxe3+ 23. Kg2 Rxa8 24. Rb1 b5 25. a4 bxa4 26. Rb7+ Kc6 27. Rb4 a3 0-1

[Event "*** Titled Tuesday Blitz"]
[Site "Chess.com"]
[Date "2021.02.09"]
[Round "5"]
[White "emperor87"]
[Black "Ave_Mariia"]
[Result "1-0"]
[WhiteElo "2717"]
[BlackElo "2489"]
[TimeControl "180+1"]
[EndTime "10:56:01 PST"]
[Termination "emperor87 won by resignation"]

1. e4 e5 2. Nf3 Nc6 3. Bc4 Bc5 4. O-O Nf6 5. d3 O-O 6. c3 a5 7. Re1 h6 8. d4 exd4 9. cxd4 Bb4 10. Nc3 d5 11. exd5 Bxc3 12. bxc3 Nxd5 13. Ba3 Be6 14. Bxf8 Qxf8 15. Qb3 a4 16. Qb2 Na5 17. Bf1 a3 18. Qd2 Nb6 19. Ne5 c5 20. Rab1 Qd6 21. Rxb6 Qxb6 22.
d5 Rd8 23. c4 Bf5 24. Qc3 Qa6 25. Qxa3 b6 26. Nc6 Qc8 27. Ne7+ 1-0

[Event "*** Titled Tuesday Blitz"]
[Site "Chess.com"]
[Date "2021.02.09"]
[Round "5"]
[White "youngKID"]
[Black "jefferyx"]
[Result "0-1"]
[WhiteElo "2841"]
[BlackElo "3003"]
[TimeControl "180+1"]
[EndTime "10:56:02 PST"]
[Termination "jefferyx won on time"]

1. e4 c6 2. d4 d5 3. Nc3 dxe4 4. Nxe4 Nf6 5. Nxf6+ exf6 6. Bc4 Bd6 7. Qe2+ Qe7 8.
Qxe7+ Kxe7 9. Bd3 Na6 10. c3 Re8 11. Ne2 Nc7 12. c4 Kf8 13. Be3 Bg4 14. Nc3 Rad8 15. h3 Bh5 16. O-O Ne6 17. d5 Nf4 18.
Bxf4 Bxf4 19. g4 Bg6 20. Bxg6 hxg6 21. Rfd1 Be5 22. Rac1 cxd5 23. cxd5 Re7 24. Rd3 Rc7 25.
Kg2 Rc4 26. b3 Rc5 27. Ne2 Rcxd5 28. Rxd5 Rxd5 29. f4 Bd6 30. Rc2 Rd3 31. h4 Ke7 32. Rc4 Rd2 33. Re4+ Kd7 0-1

[Event "*** Titled Tuesday Blitz"]
[Site "Chess.com"]
[Date "2021.02.09"]
[Round "5"]
[White "zmeeed67"]
[Black "starplatinum2030"]
[Result "1-0"]
[WhiteElo "2320"]
[BlackElo "2121"]
[TimeControl "180+1"]
[EndTime "10:56:02 PST"]
[Termination "zmeeed67 won by resignation"]

1. d4 d5 2. c4 dxc4 3. Nf3 c5 4. e3 Nf6 5. Bxc4 e6 6. O-O a6 7. e4 Nxe4 8. d5 b5 9. dxe6 Qxd1 10. exf7+ Ke7 11.
Rxd1 Bb7 12. Bd3 Nd7 13. Re1 Nf6 14. Nc3 Kxf7 15. Nxe4 c4 16. Neg5+ Kg8 17. Bf5 Bd5 18. Bf4 Bb4 19. Red1 g6 20. Rxd5 Nxd5 21. Be6+ Kg7 22. Bxd5 Rad8 23. Be5+ Kh6 24. Nf7+ Kh5 1-0

[Event "*** Titled Tuesday Blitz"]
[Site "Chess.com"]
[Date "2021.02.09"]
[Round "5"]
[White "guillembaches"]
[Black "andy_rekt"]
[Result "0-1"]
[WhiteElo "2411"]
[BlackElo "2248"]
[TimeControl "180+1"]
[EndTime "10:56:05 PST"]
[Termination "andy_rekt won by resignation"]

1. e4 e6 2. d4 d5 3. exd5 exd5 4. Nf3 Nf6 5. Bd3 Bd6 6. O-O O-O 7. h3 Nbd7 8. Bg5 h6 9. Bh4 g5 10. Bg3 Bxg3 11.
fxg3 c5 12. Ne5 cxd4 13. Nxd7 Bxd7 14. Nd2 Kg7 15. Nb3 Qc7 16. Qf3 Qb6 17. Rf2 Rae8 18. Raf1 Ne4 19. Bxe4 dxe4 20. Qf6+ Qxf6 21. Rxf6 Bb5 22.
R1f5 e3 23. Nxd4 e2 24. Nxe2 Rxe2 25. Rd6 Bc6 26. Rf2 Rfe8 27. c4 Re1+ 28. Kh2 R8e2 29.
Rd2 Rxd2 30. Rxd2 Rc1 31. b3 a5 32. g4 a4 33. Kg3 axb3 34. axb3 Rc3+ 0-1

[Event "*** Titled Tuesday Blitz"]
[Site "Chess.com"]
[Date "2021.02.09"]
[Round "5"]
[White "bangchess21"]
[Black "BilodeauA"]
[Result "0-1"]
[WhiteElo "2729"]
[BlackElo "2902"]
[TimeControl "180+1"]
[EndTime "10:56:06 PST"]
[Termination "BilodeauA won by resignation"]

1. d4 d5 2. Bf4 Nf6 3. e3 e6 4. Nd2 c5 5. c3 Nc6 6. Ngf3 Be7 7.
Ne5 Nd7 8. Nxc6 bxc6 9. Bd3 O-O 10. O-O Qb6 11. Qc2 h6 12. Rfe1 Ba6 13. Rab1 cxd4 14. exd4 c5 15. Bxa6 Qxa6 16. dxc5 Nxc5 17. Be3 Rac8 18.
Bxc5 Bxc5 19. Nb3 Bb6 20. Red1 Rc4 21. a3 Rfc8 22. Qd3 Qa4 23. Nd2 Rf4 24. Nf3 Qe4 25.
Qxe4 dxe4 26. Nd4 e5 27. Nb5 Rxf2 28. Kh1 e3 29. Re1 Rd8 30. c4 Rdd2 31. Rg1 Rxb2 32. Rxb2 Rxb2 33. Nd6 e2 34. Re1 Bf2 0-1

[Event "*** Titled Tuesday Blitz"]
[Site "Chess.com"]
[Date "2021.02.09"]
[Round "5"]
[White "Savagelittlemole"]
[Black "Vesper2018"]
[Result "1/2-1/2"]
[WhiteElo "2400"]
[BlackElo "2577"]
[TimeControl "180+1"]
[EndTime "10:56:06 PST"]
[Termination "Game drawn by agreement"]

1. e4 c5 2. Ne2 d6 3. g3 d5 4. Bg2 dxe4 5. Nbc3 Nf6 6. Nxe4 Nxe4 7. Bxe4 g6 8. O-O Bg7 9. d3 O-O 10. Be3 Qc7 11.
Qd2 Bh3 12. Rfe1 e5 13. Bh6 Nd7 14. Nc3 Nf6 15. Bxg7 Kxg7 16. Qe3 Rfe8 17. Bg2 Bxg2 18. Kxg2 Rad8 19. Qf3 c4 20. dxc4 Qxc4 21. Rad1 e4 22. Qf4 Rxd1 23. Rxd1 Re6 24. Rd8 Qc6 25. Qe3 Ng4 26. Qd4+ Nf6 27. Kg1 Qb6 28. b3 Qxd4 29. Rxd4 Rc6 30. Nxe4 Nxe4 31. Rxe4 Rxc2 32. Re7 Rxa2 33. Rxb7 a5 1/2-1/2

[Event "*** Titled Tuesday Blitz"]
[Site "Chess.com"]
[Date "2021.02.09"]
[Round "5"]
[White "MFBerna"]
[Black "Nils_03"]
[Result "0-1"]
[WhiteElo "2501"]
[BlackElo "2343"]
[TimeControl "180+1"]
[EndTime "10:56:08 PST"]
[Termination "Nils_03 won by resignation"]

1. d4 d5 2. c4 e6 3. Nc3 c6 4. e3 Nf6 5. Nf3 Nbd7 6. Bd3 dxc4 7. Bxc4 b5 8. Bd3 Bb7 9. O-O a6 10. Qe2 Bd6 11. a4 O-O 12. e4 e5 13. Bg5 h6 14.
Bh4 exd4 15. Nxd4 Ne5 16. Rad1 b4 17. Nb1 Ng6 18. Bg3 Bxg3 19. hxg3 Qxd4 20. Nd2 c5 21. Nf3 Qd6 22. Rfe1 Ne5 23. Nxe5 Qxe5 24. f4 Qh5 25. Qxh5 Nxh5 26. Kf2 Nf6 27. e5 Ng4+ 28.
Kf1 Rfd8 29. Rd2 Rd4 30. Rc1 Rad8 31. Rxc5 Rxd3 32. Rxd3 Rxd3 33. Rc7 Bd5 34. Ke2 Rxg3 35. Rd7 Rxg2+ 36. Ke1 0-1

[Event "*** Titled Tuesday Blitz"]
[Site "Chess.com"]
[Date "2021.02.09"]
[Round "5"]
[White "LawrenceTrent"]
[Black "ChristopherYoo"]
[Result "0-1"]
[WhiteElo "2606"]
[BlackElo "2878"]
[TimeControl "180+1"]
[EndTime "10:56:12 PST"]
[Termination "ChristopherYoo won by resignation"]

1. e4 c5 2. b3 Nf6 3. e5 Nd5 4. Bb2 g6 5. Nc3 Nxc3 6. Bxc3 Bg7 7. Nf3 O-O 8. h4 d5 9. exd6 Bxc3 10. dxc3 exd6 11.
h5 Re8+ 12. Be2 Qf6 13. Qd2 Bg4 14. hxg6 hxg6 15. Kf1 Nc6 16. Re1 Re7 17. Qg5 Qxg5 18. Nxg5 Rae8 19. f3 Bf5 20. Kf2 Bxc2 21. Bc4 Ne5 22. Bb5 Nd3+ 23. Bxd3 Bxd3 24. Rxe7 Rxe7 25. Rd1 c4 26. bxc4 Bxc4 27. Ne4 d5 28. Nd2 Re2+ 29.
Kg3 Bxa2 30. f4 Re3+ 31. Kg4 Rxc3 32. Ra1 Rc2 33. Nf3 Rxg2+ 34. Kh3 Rb2 35. f5 gxf5 36. Kg3 b5 37. Kf4 b4 38. Ne5 b3 39. Kg5 Rb1 0-1

[Event "*** Titled Tuesday Blitz"]
[Site "Chess.com"]
[Date "2021.02.09"]
[Round "5"]
[White "BabyBoss31"]
[Black "chessmause"]
[Result "0-1"]
[WhiteElo "2340"]
[BlackElo "2211"]
[TimeControl "180+1"]
[EndTime "10:56:12 PST"]
[Termination "chessmause won on time"]

1. d4 Nf6 2. Bg5 Ne4 3. h4 c5 4. d5 Qa5+ 5. Nd2 Nxg5 6. hxg5 g6 7. c3 d6 8. Ngf3 Bg7 9. e3 Nd7 10. Qc2 a6 11. Bd3 b5 12. c4 Bb7 13. a3 Qb6 14.
Rb1 Ne5 15. Nxe5 Bxe5 16. cxb5 Bxd5 17. f4 c4 18. fxe5 Qxe3+ 19. Be2 Bxg2 20. Nf1 Qxe5 21. Rg1 Bxf1 22. Kxf1 axb5 23. Qc3 Qf4+ 0-1

[Event "*** Titled Tuesday Blitz"]
[Site "Chess.com"]
[Date "2021.02.09"]
[Round "5"]
[White "zacachess"]
[Black "Evachess2006"]
[Result "1-0"]
[WhiteElo "2418"]
[BlackElo "1625"]
[TimeControl "180+1"]
[EndTime "10:56:13 PST"]
[Termination "zacachess won on time"]

1. e4 e5 2. Nf3 Nc6 3. d4 exd4 4. Nxd4 Nxd4 5. Qxd4 Nf6 6. e5 Qe7 7. Be2 Ng8 8. O-O d6 9. Bf4 Bf5 10. Nc3 O-O-O 11. Qxa7 dxe5 12. Rad1 Rd6 13. Be3 Qd8 14. Qa8+ Kd7 15. Qxb7 1-0

[Event "*** Titled Tuesday Blitz"]
[Site "Chess.com"]
[Date "2021.02.09"]
[Round "5"]
[White "Margency"]
[Black "mr_gustavo"]
[Result "1-0"]
[WhiteElo "2645"]
[BlackElo "2415"]
[TimeControl "180+1"]
[EndTime "10:56:15 PST"]
[Termination "Margency won on time"]

1. e4 c5 2. Nf3 d6 3. d4 cxd4 4. Nxd4 Nf6 5. Nc3 a6 6. Be3 e5 7. Nb3 Be7 8. f3 Be6 9. Qd2 O-O 10. O-O-O Nbd7 11. g4 b5 12. Rg1 b4 13. Nd5 Bxd5 14.
exd5 a5 15. Kb1 a4 16. Nc1 Qc7 17. g5 Nh5 18. Rg4 Nc5 19. Rxb4 Rfb8 20. c3 a3 21. b3 Nf4 22. h4 Na4 23. Bc4 Nxd5 24. Rxa4 Rxa4 25.
Bxd5 Ra5 26. b4 Rxd5 27. Qxd5 Qxc3 28. Qd2 Rxb4+ 29. Nb3 Rxb3+ 30. axb3 Qxb3+ 31. Ka1 d5 32. Rb1 Qc4 33. Rb8+ Bf8 34. Qc1 Qd3 35. Bc5 g6 36.
Bxf8 1-0

[Event "*** Titled Tuesday Blitz"]
[Site "Chess.com"]
[Date "2021.02.09"]
[Round "5"]
[White "Misi_95"]
[Black "GadimbayliA"]
[Result "1-0"]
[WhiteElo "2636"]
[BlackElo "2842"]
[TimeControl "180+1"]
[EndTime "10:56:16 PST"]
[Termination "Misi_95 won by resignation"]

1. e4 e6 2. d4 d5 3. Nc3 Bb4 4.
exd5 exd5 5. Bd3 Nc6 6. a3 Bxc3+ 7. bxc3 Nge7 8. Qh5 h6 9. Ne2 Qd7 10. Rb1 Rb8 11.
h3 O-O 12. O-O Ng6 13. Nf4 Nce7 14. Nxg6 fxg6 15. Bxg6 Nxg6 16. Qxg6 Qf5 17. Qg3 Qxc2 18. Bxh6 Rf7 19. Rbe1 Bf5 20. Re3 Rbf8 21. Rfe1 Kh7 22. Bg5 Bg6 23. f3 c6 24. Qh4+ Kg8 25. Be7 Re8 26. Qg5 Bh7 27. Bd6 Rxe3 28. Rxe3 Bf5 29. Re8+ 1-0

[Event "*** Titled Tuesday Blitz"]
[Site "Chess.com"]
[Date "2021.02.09"]
[Round "5"]
[White "GelmanAlexander"]
[Black "sergoy"]
[Result "0-1"]
[WhiteElo "2599"]
[BlackElo "2857"]
[TimeControl "180+1"]
[EndTime "10:56:16 PST"]
[Termination "sergoy won on time"]

1. d4 Nf6 2. Nc3 d5 3. Bf4 a6 4. e3 e6 5. g4 h6 6. Bg2 b5 7.
h4 b4 8. Na4 Nbd7 9. g5 Ne4 10.
Bxe4 dxe4 11. gxh6 g6 12. Nh3 Bb7 13. Qg4 Bxh6 14.
Bxh6 Rxh6 15. Ng5 Qf6 16. O-O-O O-O-O 17. Rd2 Bc6 18. b3 Rdh8 19. Nb2 Bd5 20. Nc4 Rh5 21.
Rdd1 Qe7 22. Kb1 f6 23. Nh3 Rxh4 24. Qg2 g5 25. Rdg1 Qh7 0-1

[Event "*** Titled Tuesday Blitz"]
[Site "Chess.com"]
[Date "2021.02.09"]
[Round "5"]
[White "Tactictic"]
[Black "1977Ivan"]
[Result "0-1"]
[WhiteElo "2425"]
[BlackElo "2681"]
[TimeControl "180+1"]
[EndTime "10:56:17 PST"]
[Termination "1977Ivan won by checkmate"]

1. e4 c5 2. Nf3 Nc6 3. d4 cxd4 4. Nxd4 Nf6 5. Nc3 h5 6. Bg5 Qa5 7. Bxf6 gxf6 8. Nb3 Qe5 9. Qd2 Bh6 10. Qd5 e6 11. Qxe5 Nxe5 12. Be2 Ke7 13. O-O h4 14. Rad1 Ng6 15.
Nb5 Bf4 16. g3 Bb8 17. f4 a6 18. Nc3 b5 19. a4 Ba7+ 20. Kg2 b4 21. Nb1 Bb7 22.
Bf3 Rac8 23. c3 hxg3 24. hxg3 Rcg8 25. Nd4 Nxf4+ 26. Kf2 Rh2+ 27. Ke3 Ng2+ 28. Bxg2 Rxg2 29. Kd3 R8xg3+ 30. Kc4 Rxb2 31. cxb4 d5+ 32. exd5 Bxd5# 0-1

[Event "*** Titled Tuesday Blitz"]
[Site "Chess.com"]
[Date "2021.02.09"]
[Round "5"]
[White "QuintilianoR"]
[Black "GameOverBro"]
[Result "1-0"]
[WhiteElo "2685"]
[BlackElo "2423"]
[TimeControl "180+1"]
[EndTime "10:56:20 PST"]
[Termination "QuintilianoR won by checkmate"]

1. c4 Nf6 2. Nc3 e5 3. Nf3 d6 4.
d4 Nbd7 5. e4 Be7 6. Be2 O-O 7.
O-O c6 8. Qc2 a5 9. Rd1 Qc7 10.
h3 a4 11. Be3 exd4 12. Nxd4 Nc5 13. Rab1 Re8 14. b4 axb3 15. axb3 Bf8 16. f3 g6 17. b4 Na6 18. Qd2 Bd7 19. Bf1 Rad8 20. Nc2 h5 21. Na4 c5 22. b5 Nb8 23. Nc3 Be6 24. Bg5 Be7 25. Ne3 Nbd7 26. f4 Nb6 27. f5 Nxe4 28. Nxe4 gxf5 29. Nf6+ Kf8 30. Bh6# 1-0

[Event "*** Titled Tuesday Blitz"]
[Site "Chess.com"]
[Date "2021.02.09"]
[Round "5"]
[White "Skat2704"]
[Black "NoGalloNoParty"]
[Result "1-0"]
[WhiteElo "2523"]
[BlackElo "2358"]
[TimeControl "180+1"]
[EndTime "10:56:21 PST"]
[Termination "Skat2704 won on time"]

1. d4 Nf6 2. c4 g6 3. Nc3 d5 4.
Nf3 Bg7 5. e3 O-O 6. cxd5 Nxd5 7. Bc4 Nb6 8. Bb3 Na6 9. O-O c5 10. h3 cxd4 11. exd4 Nb4 12. Re1 Bf5 13. Bg5 Re8 14. Ne5 N4d5 15. Qf3 Be6 16. Rad1 a6 17. Ne4 Rf8 18. Nc5 Bc8 19. h4 Qd6 20. h5 f6 21.
Nxg6 hxg6 22. Bf4 e5 23. dxe5 Qxc5 24. Rxd5 Nxd5 25. Bxd5+ Kh8 26. hxg6 1-0

[Event "*** Titled Tuesday Blitz"]
[Site "Chess.com"]
[Date "2021.02.09"]
[Round "5"]
[White "mamonika"]
[Black "ybruned"]
[Result "0-1"]
[WhiteElo "2025"]
[BlackElo "2293"]
[TimeControl "180+1"]
[EndTime "10:56:22 PST"]
[Termination "ybruned won on time"]

1. e4 b6 2. d4 Bb7 3. Nc3 e6 4. Nf3 Bb4 5. Bd3 Nf6 6. Qe2 d5 7. e5 Ne4 8. Bd2 Bxc3 9. bxc3 Nxd2 10. Nxd2 c5 11. Qg4 g6 12. O-O Qe7 13. Rfe1 c4 14.
Be2 Nc6 15. h4 h5 16. Qf4 O-O-O 17. a4 Rdf8 18. Bf3 Na5 19. g3 Bc6 20. Ra2 Kb7 21. Bg2 f5 22. exf6 Rxf6 23. Qe3 Rhf8 24. Nf3 Qe8 25.
Rea1 Ka8 26. Qe5 Bb7 0-1

[Event "*** Titled Tuesday Blitz"]
[Site "Chess.com"]
[Date "2021.02.09"]
[Round "5"]
[White "juli2512"]
[Black "oykuince"]
[Result "1-0"]
[WhiteElo "2177"]
[BlackElo "1965"]
[TimeControl "180+1"]
[EndTime "10:56:24 PST"]
[Termination "juli2512 won on time"]

1. e4 c5 2. Nc3 e6 3. g3 Nc6 4.
Bg2 g6 5. Nge2 Bg7 6. d3 Nge7 7. f4 O-O 8. O-O d6 9. g4 f5 10. gxf5 exf5 11. Ng3 Rb8 12. Rb1 Nd4 13. Nd5 Nxd5 14.
exd5 Nb5 15. Be3 b6 16. c3 Bb7 17. Bf2 Nc7 18. c4 b5 19. Re1 bxc4 20. dxc4 Ba6 21.
b3 Bc8 22. Re2 a5 23. Qc2 Na6 24. Rbe1 Rb7 25. Qd2 a4 26. bxa4 Bd7 27. a5 Ba4 28. Re6 Rb2 29. Qc1 Rxa2 30. Re7 Rxf2 31. Kxf2 Bd4+ 32. Kf1 Qxa5 33. Bf3 Bc3 34. R1e6 Bb3 35. Kg2 Bxc4 36. Qd1 Nb4 37. Rxd6 1-0

[Event "*** Titled Tuesday Blitz"]
[Site "Chess.com"]
[Date "2021.02.09"]
[Round "5"]
[White "CzechmVIII"]
[Black "Sergey85Rodchenkov"]
[Result "0-1"]
[WhiteElo "2259"]
[BlackElo "2482"]
[TimeControl "180+1"]
[EndTime "10:56:26 PST"]
[Termination "Sergey85Rodchenkov won on time"]

1. e4 c5 2. Nf3 d6 3. d4 cxd4 4. Nxd4 Nf6 5. Nc3 a6 6. Bg5 Nbd7 7. Bc4 e6 8. O-O b5 9. Bxe6 fxe6 10. Nxe6 Qb6 11. Nd5 Nxd5 12. exd5 Ne5 13. Be3 Qb7 14. f4 Nc4 15. Bd4 Bxe6 16. dxe6 O-O-O 17. b3 Nb6 18. c4 b4 19. Qe2 Be7 20. Qe3 Na8 21. a3 d5 22. c5 Nc7 23. axb4 Qxb4 24. Rfc1 Nb5 25.
Bxg7 Rhg8 26. Be5 Qe4 27. Qxe4 dxe4 28. Rxa6 Rd2 29. Ra8+ Kb7 30. Rxg8 Kc6 31. Rg7 Bxc5+ 32. Kh1 e3 33. b4 e2 34. Rxc5+ Kb6 0-1

[Event "*** Titled Tuesday Blitz"]
[Site "Chess.com"]
[Date "2021.02.09"]
[Round "5"]
[White "PushingpawnsNYC"]
[Black "FMOlexandrProhorov"]
[Result "0-1"]
[WhiteElo "2301"]
[BlackElo "2145"]
[TimeControl "180+1"]
[EndTime "10:56:27 PST"]
[Termination "FMOlexandrProhorov won by checkmate"]

1. e4 c5 2. Nc3 Nc6 3. Bb5 Nd4 4. Nf3 g6 5. O-O Bg7 6. Nxd4 cxd4 7. Ne2 e6 8. c3 Qb6 9. Bd3 dxc3 10. bxc3 Ne7 11. Ba3 d6 12. Rb1 Qc7 13. Bb5+ Bd7 14. Qa4 Nc6 15.
d4 O-O 16. e5 dxe5 17. Bxf8 Rxf8 18. dxe5 Bxe5 19. g3 a6 20. Bd3 Nd4 21. Qd1 Nf3+ 22. Kg2 Bc6 23. h4 h5 24. Kh3 g5 25. Nd4 Bxd4 26. cxd4 gxh4 27. Qe2 Qd7 28. gxh4 e5+ 29. Kg3 Qg4# 0-1

[Event "*** Titled Tuesday Blitz"]
[Site "Chess.com"]
[Date "2021.02.09"]
[Round "5"]
[White "sorrm8thatscheckm8"]
[Black "iwanyu"]
[Result "1-0"]
[WhiteElo "2596"]
[BlackElo "2805"]
[TimeControl "180+1"]
[EndTime "10:56:31 PST"]
[Termination "sorrm8thatscheckm8 won by checkmate"]

1. d4 Nf6 2. c4 e6 3. Nf3 d5 4.
Nc3 Bb4 5. Qa4+ Nc6 6. e3 O-O 7. Qc2 Re8 8. Bd2 e5 9. dxe5 Nxe5 10. cxd5 Nxf3+ 11. gxf3 Nxd5 12. Nxd5 Qxd5 13. Bxb4 Qxf3 14.
Rg1 Bf5 15. Qe2 Qd5 16. Bc3 Bg6 17. h4 Rad8 18. h5 Bxh5 19. Rxg7+ Kf8 20. Qc2 Bg6 21. Qd1 Qe4 22. Qe2 Qh4 23. Rd1 Rxd1+ 24. Qxd1 Rxe3+ 25. Be2 Re6 26. Qd5 Qh5 27. Qd8+ Re8 28.
Rg8+ Kxg8 29. Qxe8# 1-0

[Event "*** Titled Tuesday Blitz"]
[Site "Chess.com"]
[Date "2021.02.09"]
[Round "5"]
[White "TheCairnTerrier"]
[Black "sbouchet"]
[Result "0-1"]
[WhiteElo "2161"]
[BlackElo "2342"]
[TimeControl "180+1"]
[EndTime "10:56:31 PST"]
[Termination "sbouchet won by resignation"]

1. e4 c5 2. Nf3 g6 3. g3 Bg7 4.
Bg2 Nc6 5. O-O e5 6. d3 Nge7 7. Be3 b6 8. Qd2 O-O 9. Bh6 d6 10. Bxg7 Kxg7 11. Nc3 f5 12. exf5 Nxf5 13. Nxe5 Nxe5 14.
Bxa8 Nd4 15. f4 Bg4 16. Bg2 Nef3+ 17. Bxf3 Nxf3+ 18. Rxf3 Bxf3 19. Qe3 Bc6 20. Re1 Re8 21. Qf2 Rxe1+ 22. Qxe1 Qf6 23. Qe3 d5 24. Qe5 d4 25.
Qxf6+ Kxf6 26. Ne4+ Kf5 27. h3 Bxe4 28. dxe4+ Kxe4 29. Kf2 c4 30. Ke2 b5 31. h4 h5 32. Kf2 a5 33. a3 b4 34. axb4 axb4 35. Ke2 c3 36. b3 d3+ 37. cxd3+ Kd4 38. g4 hxg4 39. f5 c2 40. Kd2 g3 41. f6 g2 42. f7 c1=Q+ 43.
Kxc1 g1=Q+ 44. Kb2 Qf2+ 45. Kb1 Qxf7 0-1